 Dungeon Crawl Stone Soup version 0.27.1-3-gb3d3a73c9e (webtiles) character file.

Game seed: 17499200099736016127

122 Crownlay the Chopper (level 5, -12/45 HPs)
             Began as a Hill Orc Fighter on Oct 20, 2021.
             Mangled by a yak (13 damage)
             ... on level 6 of the Dungeon.
             The game lasted 00:02:43 (2295 turns).

Crownlay the Chopper (Hill Orc Fighter)             Turns: 2295, Time: 00:02:44

Health: -12/45     AC:  6    Str: 20    XL:     5   Next: 6%
Magic:  5/5        EV:  9    Int:  8    God:
Gold:   90         SH:  5    Dex: 10    Spells: 4/4 levels left

rFire    . . .     SeeInvis .   a - +1 war axe
rCold    . . .     Faith    .   (no shield)
rNeg     . . .     Spirit   .   b - +0 scale mail
rPois    .         Reflect  +   (no helmet)
rElec    .         Harm     .   (no cloak)
rCorr    .         Rampage  .   (no gloves)
Will     .....                  (no boots)
Stlth    ..........             e - amulet of reflection
HPRegen  0.15/turn              (no ring)
MPRegen  0.09/turn              (no ring)

@: no status effects
A: no striking features
a: no special abilities


You were on level 6 of the Dungeon.
You visited 1 branch of the dungeon, and saw 4 of its levels.

You collected 90 gold pieces.

Inventory:

Hand Weapons
 a - a +1 war axe (weapon)
Armour
 b - a +0 scale mail (worn)
 c - a +0 kite shield
Jewellery
 e - an amulet of reflection (around neck)
 o - a ring of protection from fire
Scrolls
 g - a scroll of enchant weapon
 i - a scroll of identify {unknown}
 j - a scroll of enchant armour {unknown}
 l - a scroll of noise {unknown}
 n - a scroll of fog {unknown}
 p - a scroll of teleportation {unknown}
Potions
 d - a potion of might
 f - a potion of resistance
 h - 2 potions of curing
 k - a potion of berserk rage {unknown}
 m - a potion of cancellation {unknown}


   Skills:
 - Level 3.6 Fighting
 + Level 6.7 Axes
 - Level 3.2 Armour
 - Level 3.2 Shields


You had 4 spell levels left.
You didn't know any spells.
Your spell library contained the following spells:

 Spells                   Type           Power      Damage    Failure   Level
 Freeze                   Ice            0%         1d3       77%         1
 Frozen Ramparts          Ice            0%         1d2       98%         3
 Stone Arrow              Conj/Erth      0%         3d7       98%         3
 Animate Armour           Summ/Erth      0%         N/A       100%        4
 Hailstorm                Conj/Ice       0%         3d3       100%        4
 Lehudib's Crystal Spear  Conj/Erth      0%         10d2      100%        8


Dungeon Overview and Level Annotations

Branches:
Dungeon (3/15)

Altars:


Message History

You hear the slow rusting of a very distant drain.
You are too injured to fight recklessly!
You slash the hobgoblin!
You kill the hobgoblin!
You fall into a shaft and drop 3 floors!
The shaft crumbles and collapses.
HP restored.
A yak comes into view.
The yak bellows!
A yak comes into view.
A yak comes into view.
The yak bellows!
A yak comes into view.
The yak barely misses you.
The yak bellows!
You slash the yak!
The yak is moderately wounded.
You hear a bellow!
The yak gores you but does no damage.
A yak comes into view.
You slash the yak!
The yak is severely wounded.
The yak gores you!
You hit the yak.
The yak is severely wounded.
The yak gores you but does no damage.
You closely miss the yak.
The yak is severely wounded.
The yak gores you!
You hit the yak but do no damage.
The yak is severely wounded.
The yak gores you. The yak gores you but does no damage.
You hit the yak but do no damage.
The yak is severely wounded.
The yak gores you!
* * * LOW HITPOINT WARNING * * *
You hit the yak.
The yak is almost dead.
You closely miss the yak. The yak gores you!
You die...

############.####
#.....@YYYYY.....
#.##########.#.##
#.# #.# #.# #.#
#.##### #.....#
#####.#


You could see 5 yaks.

Vanquished Creatures
  An orc wizard (D:3)
  4 adders
  An ufetubus (D:2)
  A worm (D:3)
  2 dart slugs (D:1)
  4 orcs (D:3)
  4 bats
  2 giant cockroaches
  5 goblins
  5 hobgoblins
  5 quokkas
  2 ball pythons (D:1)
  3 frilled lizards
  4 kobolds (D:2)
  4 rats
47 creatures vanquished.

Notes
Turn   | Place    | Note
-------+----------+-------------------------------------------
     0 | D:1      | Crownlay the Hill Orc Fighter began the quest for the Orb.
     0 | D:1      | Reached XP level 1. HP: 19/19 MP: 1/1
   122 | D:1      | Found a faded altar of an unknown god.
   122 | D:1      | Noticed a great orb of eyes
   126 | D:1      | Noticed an eye of devastation
   130 | D:1      | Noticed a golden eye
   130 | D:1      | Noticed a shining eye
   181 | D:1      | Reached skill level 3 in Axes
   398 | D:1      | Reached XP level 2. HP: 24/26 MP: 2/2
   568 | D:1      | Reached skill level 4 in Axes
   987 | D:2      | Reached XP level 3. HP: 28/31 MP: 3/3
  1282 | D:2      | Reached skill level 5 in Axes
  1469 | D:2      | Reached XP level 4. HP: 37/39 MP: 4/4
  1998 | D:3      | Reached skill level 6 in Axes
  2057 | D:3      | Reached XP level 5. HP: 14/45 MP: 5/5
  2078 | D:3      | You fall into a shaft and drop 3 floors!
  2279 | D:6      | Noticed a yak
  2279 | D:6      | Noticed a yak
  2280 | D:6      | Noticed a yak
  2287 | D:6      | Noticed a yak
  2288 | D:6      | Noticed a yak
  2293 | D:6      | HP: 1/45 [yak (14)]
  2295 | D:6      | Mangled by a yak

Illustrated notes

Levels and vault maps discovered:
D:1:      heliophobic_arrival_glass_houses, layout_loops_ring,
          hellmonk_ecumenical_altar_watching_god, minmay_misc_feat_cross,
          minmay_misc_feat_square, hangedman_decor_riveting
D:2:      layout_basic, minmay_pentomino_x2
D:3:      layout_rooms, portal_sewer_entry_f, serial_shops, shop_statue,
          grunt_ministairs_4, kennysheep_pointless_box
D:6:      layout_loops_ring, uniq_edmund

Skill      XL: |  1  2  3  4 |
---------------+-------------+-----
Axes           | 3 4 5 6 |  6.7
Fighting       | |  3.6
Armour         | |  3.2
Shields        | |  3.2

Action                   |  1- 3 |  4- 6 || total
-------------------------+-------+-------++-------
Melee: War axe           |    99 |    69 ||   168
  Use: Potion            |       |     2 ||     2
       Scroll            |       |     1 ||     1
Armor: Scale mail        |    43 |    34 ||    77
Dodge: Dodged            |    39 |    26 ||    65
Block: Other             |    21 |    10 ||    31
